 Dungeon Crawl Stone Soup version 0.16.2-12-gd0ad4c3 (webtiles) character file.

44 Dunking the Chopper (level 3, -1/27 HPs)
             Began as a Demonspawn Warper on Oct 18, 2016.
             Slain by a worm (6 damage)
             ... on level 2 of the Dungeon.
             The game lasted 00:03:05 (1668 turns).

Dunking the Chopper (Demonspawn Warper)             Turns: 1668, Time: 00:03:05

Health: -1/27      AC:  3    Str: 12    XL:     3   Next: 41%
Magic:  0/6        EV: 11    Int: 19    God:
Gold:   76         SH:  0    Dex: 12    Spells: 3 memorised, 1 level left

rFire  . . .     SeeInvis .     a - +0 hand axe
rCold  . . .     Clarity  .     b - +0 leather armour
rNeg   . . .     SustAb   .     (no shield)
rPois  .         Gourm    .     (no helmet)
rElec  .         Spirit   +     (no cloak)
rCorr  .         Warding  .     (no gloves)
rMut   .         Stasis   .     (no boots)
MR     .....                    (no amulet)
Stlth  +.........               (no ring)
                                k - +5 ring of intelligence

@: not resistant to hostile enchantments, very unstealthy
A: demonic guardian 1, magic shield
a: no special abilities


You were on level 2 of the Dungeon.
You were hungry.

You visited 1 branch of the dungeon, and saw 2 of its levels.

You collected 76 gold pieces.

Inventory:

Hand weapons
 a - a +0 hand axe (weapon)
Missiles
 e - 5 tomahawks of dispersal (quivered)
Armour
 b - a +0 leather armour (worn)
Jewellery
 i - an uncursed amulet of resist mutation
 k - a +5 ring of intelligence (left hand)
 o - an uncursed amulet of resist corrosion
Scrolls
 d - 2 scrolls of blinking
 g - a scroll of noise {unknown}
 h - a scroll of fear {unknown}
 j - a scroll of enchant armour {unknown}
 l - 2 scrolls of remove curse {unknown}
Potions
 q - a potion of curing {unknown}
Books
 c - a book of Spatial Translocations

   Spells                             Type                      Level
   a - Apportation                    Translocation                1
   b - Blink                          Translocation                2
   c - Shroud of Golubria             Charms/Translocation         2
   d - Portal Projectile              Translocation                3
   e - Teleport Other                 Translocation                3
   f - Passage of Golubria            Translocation                4
Comestibles
 f - a bread ration
 m - a beef jerky
 n - 3 meat rations


   Skills:
 - Level 2.0 Fighting
 * Level 2.9 Axes
 - Level 0.8 Throwing
 - Level 0.8 Armour
 - Level 1.7 Dodging
 + Level 2.3 Spellcasting
 + Level 0.8 Charms
 + Level 2.8 Translocations


You had one spell level left.
You knew the following spells:

 Your Spells              Type           Power        Failure   Level  Hunger
a - Apportation           Tloc           ##........   10%         1    #......
b - Blink                 Tloc           N/A          12%         2    ##.....
G - Shroud of Golubria    Chrm/Tloc      #.........   17%         2    ##.....


Dungeon Overview and Level Annotations

Branches:
Dungeon (2/15)

Altars:
Ashenzari
Dithmenos
Nemelex Xobeh


Innate Abilities, Weirdness & Mutations

A weak demonic guardian rushes to your aid.
When hurt, damage is shared between your health and your magic reserves.


Message History

The worm is heavily wounded.
You hit the giant gecko.
You kill the giant gecko!
The worm closely misses you. The worm barely misses you.
You hit the worm.
The worm is severely wounded.
You hit the worm.
The worm is severely wounded.
The worm bites you!
Your leather armour prevents you from hitting the worm.
The worm is severely wounded.
The worm bites you!
* * * LOW HITPOINT WARNING * * *
You hit the worm.
The worm is severely wounded.
You barely miss the worm.
The worm is severely wounded.
The worm bites you!
You die...

##..........###.#
#..###รท..##.###
...........................##.#
.####..........####...........#
.# #..##..##..# #.###.....#.#
.. ##..##..##..####.# #.#.#.#.#
.###...>............# #.#.#.#.#
.# #.......##...##### #.#.#....
.. ...###.###....# #.#.#.##
.#............##@## . . ##
#.#########.w.# #.....#
#.......# ....._.....
...#.......#... ####.....####
##...## ##.##


You could see a worm.

Vanquished Creatures
  An adder (D:2)
  2 giant geckos
  4 bats
  8 goblins
  A hobgoblin (D:1)
  5 jackals
  5 kobolds
  A quokka (D:2)
  4 rats
31 creatures vanquished.

Notes
Turn   | Place    | Note
--------------------------------------------------------------
     0 | D:1      | Dunking, the Demonspawn Warper, began the quest for the Orb.
     0 | D:1      | Reached XP level 1. HP: 16/16 MP: 3/3
     3 | D:1      | Found a shattered altar of Ashenzari.
   223 | D:1      | Gained mutation: When hurt, damage is shared between your health and your magic reserves. [demonic ancestry]
   223 | D:1      | Reached XP level 2. HP: 22/22 MP: 4/4
   826 | D:1      | Learned a level 2 spell: Blink
   829 | D:1      | Learned a level 2 spell: Shroud of Golubria
  1220 | D:2      | Found a shadowy altar of Dithmenos.
  1412 | D:2      | Gained mutation: A weak demonic guardian rushes to your aid. [demonic ancestry]
  1412 | D:2      | Reached XP level 3. HP: 19/27 MP: 4/6
  1648 | D:2      | Found a sparkling altar of Nemelex Xobeh.
  1668 | D:2      | Slain by a worm

Action                   || total
-------------------------++-------
Melee: Hand axe          ||   137
  Eat: Chunk             ||     2
